 Dungeon Crawl Stone Soup version 0.31-a0-988-g08d55dae12 (webtiles) character file.

Game seed: 9679745870348822224

797 Ge0ff the Stinger (level 7, -1/48 HPs)
             Began as a Demonspawn Venom Mage on Nov 5, 2023.
             Was a Believer of Vehumet.
             Slain by an ice beast (12 damage)
             ... on level 5 of the Dungeon.
             The game lasted 00:21:36 (6614 turns).

Ge0ff the Stinger (Demonspawn Venom Mage)           Turns: 6614, Time: 00:21:37

Health: -1/48      AC:  4    Str:  8    XL:     7   Next: 58%
Magic:  0/10       EV: 12    Int: 19    God:    Vehumet [**....]
Gold:   228        SH:  0    Dex: 13    Spells: 1/11 levels left

rFire   . . .        a - +2 dagger (venom)
rCold   . . .        (no shield)
rNeg    . . .        N - +0 robe
rPois   .            (no helmet)
rElec   .            T - +0 cloak
rCorr   .            (no gloves)
SInv    .            S - +0 pair of boots
Will    .....        I - amulet of faith
Stlth   ++           (no ring)
HPRegen 0.28/turn    (no ring)
MPRegen 0.12/turn

%: faith
@: very slightly contaminated
A: hooves 2, demonic guardian 1, sturdy frame 1
a: Renounce Religion


You were on level 5 of the Dungeon.
You worshipped Vehumet.
Vehumet was pleased with you.
You visited 2 branches of the dungeon, and saw 6 of its levels.
You also visited: Sewer.

You collected 228 gold pieces.

Inventory:

Hand Weapons
 a - a +2 dagger of venom (weapon)
 H - a +1 dagger of electrocution
 Y - a +0 short sword
 Z - a +0 short sword of flaming
Missiles
 L - 5 poisoned darts
 Q - 27 stones
 X - a boomerang
Armour
 N - a +0 robe (worn)
 S - a +0 pair of boots (worn)
 T - a +0 cloak (worn)
Magical Staves
 W - a staff of cold
Jewellery
 I - an amulet of faith (around neck)
Scrolls
 B - a scroll of blinking
 C - 3 scrolls of poison
 O - a scroll of enchant weapon
Potions
 K - a potion of magic {!q}
 M - a potion of might
 P - a potion of brilliance {unknown}
 R - a potion of mutation {unknown}
 U - a potion of degeneration {unknown}


   Skills:
 - Level 1.0 Fighting
 - Level 1.7 Dodging
 - Level 2.0 Stealth
 - Level 2.5 Spellcasting
 + Level 2.8 Conjurations
 - Level 3.0 Transmutations
 - Level 3.0 Fire Magic
 + Level 2.8 Ice Magic
 - Level 2.0 Air Magic
 - Level 4.9 Poison Magic


You had one spell level left.
You knew the following spells:

 Your Spells              Type           Power      Damage    Failure   Level
f - Mephitic Cloud        Conj/Pois/Air  14%        N/A       13%         3
i - Ignite Poison         Fire/Tmut/Pois 16%        N/A       11%         3
k - Sting                 Tmut/Pois      68%        1d6       3%          1
n - Freeze                Ice            52%        1d6       4%          1
C - Poisonous Vapours     Pois/Air       30%        N/A       6%          2

Your spell library contained the following spells:

 Spells                   Type           Power      Damage    Failure   Level
 Scorch                   Fire           26%        2d6       7%          2
 Cigotuvi's Dreadful Rot  Necr/Pois/Air  22%        N/A       10%         2
 Olgreb's Toxic Radiance  Pois           21%        N/A       22%         4
 Summon Guardian Golem    Hex/Summ       2%         N/A       43%         3
 Iskenderun's Battlesphe  Conj           13%        2d7       80%         5
 Freezing Cloud           Conj/Ice/Air   6%         6-21      83%         5
 Bombard                  Conj/Erth      3%         9d1       100%        6
 Orb of Destruction       Conj           6%         9d6       100%        7
 Spellforged Servitor     Conj/Summ      3%         N/A       100%        7


Dungeon Overview and Level Annotations

Branches:
Dungeon (5/15) Zot: 24317  Temple (1/1) D:4 Zot: 5947   Sewer (visited)

Altars:
Ashenzari
Hepliaklqana
Kikubaaqudgha
Makhleb
Qazlal
Ru
Sif Muna
Vehumet
Xom
Yredelemnul

Shops:
D:2 ([

Annotations:
D:3 dig, 1 runed translucent door, 1 exclusion, Crazy Yiuf


Innate Abilities, Weirdness & Mutations

You have hoof-like feet.
A weak demonic guardian rushes to your aid.
Your movements are slightly less encumbered by armour. (ER -2)


Message History

You start resting.
You hear the brisk hiss of an avalanche of sand very nearby.
You start resting.
An ice beast is nearby!
Unknown command.
You see here an adder corpse.
Casting: Ignite Poison (dangerous; 11% risk of failure)
Confirm with . or Enter, or press ? or * to list all spells.
Aiming: Sting (safe; 3% risk of failure)
Press: ? - help, Shift-Dir - straight line, f - ice beast
Aim: an ice beast (74% to hit)
The sting hits the ice beast.
The ice beast partially resists.
The ice beast is lightly wounded.
Casting: Sting (safe; 3% risk of failure)
Confirm with . or Enter, or press ? or * to list all spells.
Aiming: Sting (safe; 3% risk of failure)
Press: ? - help, Shift-Dir - straight line, f/p - ice beast
Aim: an ice beast (lightly wounded, 74% to hit)
The sting misses the ice beast.
Casting: Sting (safe; 3% risk of failure)
Confirm with . or Enter, or press ? or * to list all spells.
Aiming: Sting (safe; 3% risk of failure)
Press: ? - help, Shift-Dir - straight line, f/p - ice beast
Aim: an ice beast (lightly wounded, 74% to hit)
The sting hits the ice beast.
The ice beast partially resists.
The ice beast is lightly wounded.
The ice beast barely misses you.
Casting: Sting (safe; 3% risk of failure)
Confirm with . or Enter, or press ? or * to list all spells.
Aiming: Sting (safe; 3% risk of failure)
Press: ? - help, Shift-Dir - straight line, f/p - ice beast
Aim: an ice beast (lightly wounded, 74% to hit)
The sting hits the ice beast.
The ice beast partially resists.
The ice beast is moderately wounded.
The ice beast hits you. The ice beast freezes you!
You hit the ice beast.
The ice beast is poisoned.
The ice beast is moderately wounded.
The ice beast hits you but does no damage.
You hit the ice beast but do no damage.
The ice beast looks as sick as possible!
The ice beast is heavily wounded.
The ice beast hits you. The ice beast freezes you!
A demonic guardian appears!
Casting: Sting (safe; 3% risk of failure)
Confirm with . or Enter, or press ? or * to list all spells.
You miscast Ignite Poison.
You are very lightly contaminated with residual magic.
Nothing appears to happen.
The ice beast hits you.
* * * LOW HITPOINT WARNING * * *
The ice beast freezes you!
You die...

.........#......#.#
..Y......#......#.#
#..............#.# #....
#.......#.#
#...##.......#.#
##..Y........#.#
#..............#
##.......##Y###.##
#.......###@# #.#
.........###.# #.#
#......####5>###.####
.......####..##.....#
##.(%........#..##.....#
.......>...##.#..##.....#
.......... #....#....###
####..... ###.##.#..# #
#.! #.##.#..#


You could see an ice beast (extremely poisoned, ally target) and a friendly iron
imp (summoned).

Vanquished Creatures
  An ice beast (D:5)
  2 black bears (D:4)
  A bullfrog (Sewer)
  2 scorpions
  2 hounds
  An iguana (D:5)
  11 adders
  A river rat (D:4)
  A shadow imp (D:5)
  2 ufetubi (D:5)
  4 dart slugs
  10 orcs
  9 ball pythons
  8 endoplasms
  15 giant cockroaches
  13 goblins
  3 hobgoblins
  7 jackals (D:1)
  9 quokkas
  6 bats
  11 frilled lizards
  4 kobolds
  11 rats
134 creatures vanquished.

Notes
Turn   | Place    | Note
-------+----------+-------------------------------------------
     0 | D:1      | Ge0ff the Demonspawn Venom Mage began the quest for the
                  | Orb.
     0 | D:1      | Reached XP level 1. HP: 13/13 MP: 3/3
   114 | D:1      | Reached skill level 1 in Transmutations
   304 | D:1      | Gained mutation: Your movements are slightly less
                  | encumbered by armour. (ER -2) [demonic ancestry]
   304 | D:1      | Reached XP level 2. HP: 19/19 MP: 3/5
   848 | D:1      | Learned a level 2 spell: Poisonous Vapours
  1229 | D:1      | Reached skill level 4 in Poison Magic
  1269 | D:1      | Reached XP level 3. HP: 24/24 MP: 1/6
  1640 | D:2      | Reached skill level 1 in Air Magic
  1910 | D:2      | Gained mutation: You have large cloven feet. [demonic
                  | ancestry]
  1910 | D:2      | Reached XP level 4. HP: 30/30 MP: 0/7
  2156 | D:2      | Found Tiruwo Dett's Armour Shoppe.
  2198 | D:2      | Found Deagalen's Antique Weapon Emporium.
  3002 | D:3      | Learned a level 3 spell: Mephitic Cloud
  3336 | D:3      | Reached skill level 1 in Conjurations
  3336 | D:3      | Reached XP level 5. HP: 29/36 MP: 1/8
  3807 | D:3      | Found a runed translucent door.
  3808 | D:3      | Noticed Crazy Yiuf
  4215 | D:3      | Noticed a water moccasin
  4257 | D:4      | Noticed a black bear
  4265 | D:4      | Killed a black bear
  4266 | D:4      | Reached skill level 1 in Fighting
  4270 | D:4      | Learned a level 3 spell: Ignite Poison
  4477 | D:4      | Gained mutation: A weak demonic guardian rushes to your
                  | aid. [demonic ancestry]
  4477 | D:4      | Reached XP level 6. HP: 43/43 MP: 7/9
  4593 | D:4      | Found a staircase to the Ecumenical Temple.
  4599 | Temple   | Entered the Ecumenical Temple
  4625 | Temple   | Became a worshipper of Vehumet
  4690 | D:4      | Found a glowing drain.
  4694 | Sewer    | Entered a sewer
  4907 | Sewer    | Reached skill level 1 in Fire Magic
  5160 | Sewer    | Reached * piety under Vehumet
  5160 | Sewer    | Offered knowledge of Freeze by Vehumet.
  5198 | Sewer    | Learned a level 1 spell: Freeze
  5619 | D:4      | Reached skill level 1 in Ice Magic
  5766 | D:4      | Gained mutation: You have hoof-like feet. [demonic
                  | ancestry]
  5766 | D:4      | Reached XP level 7. HP: 48/48 MP: 2/10
  6232 | D:5      | Entered Level 5 of the Dungeon
  6363 | D:5      | Reached ** piety under Vehumet
  6410 | D:5      | Offered knowledge of Scorch by Vehumet.
  6614 | D:5      | Slain by an ice beast

Illustrated notes

Levels and vault maps discovered:
D:1:      giann_forest_graveyard, layout_basic, st_stairs_6,
          hangedman_decor_lopped
D:2:      minmay_recursive_quarters, layout_loops_cross, serial_shops,
          nicolae_shop_trees, shop, chequers_serial_rivers_room_a
D:3:      layout_basic, due_unseen_surprise, uniq_crazy_yiuf_cottage
D:4:      layout_cave_pools, minmay_temple_entry_fiery,
          mainiacjoe_sewer_entry_somewhere_in_here_2, minmay_goblin_outpost
D:5:      layout_rooms, enter_ossuary_5
Temple:   minmay_temple_forest_path

Skill      XL: |  1  2  3  4  5  6  7 |
---------------+----------------------+-----
Transmutations | 1 2 3 |  3.0
Stealth        | 2 |  2.0
Poison Magic   | 4 |  4.9
Air Magic      | 1 2 |  2.0
Conjurations   | 1 2 |  2.8
Fighting       | 1 |  1.0
Fire Magic     | 2 3 |  3.0
Ice Magic      | 1 2 |  2.8
Dodging        | |  1.7
Spellcasting   | |  2.5

Action                     |  1- 3 |  4- 6 |  7- 9 || total
---------------------------+-------+-------+-------++-------
  Melee: Short sword       |    26 |    38 |       ||    64
         Unarmed           |     4 |       |       ||     4
         Punch             |       |     1 |     1 ||     2
         Dagger            |       |    27 |    29 ||    56
  Throw: Dart              |       |     1 |       ||     1
         Stone             |       |     1 |       ||     1
   Cast: Sting             |    61 |    79 |    26 ||   166
         Poisonous Vapours |     5 |    48 |    11 ||    64
         Ignite Poison     |       |     2 |     5 ||     7
         Freeze            |       |     1 |       ||     1
    Use: Scroll            |       |     5 |     3 ||     8
 Armour: Robe              |    36 |    58 |    42 ||   136
  Dodge: Dodged            |    34 |    60 |    41 ||   135

Table legend: (Time is in decaauts)
 A = Elapsed time spent in this place.
 B = Non-inter-level travel time spent in this place.
 C = Inter-level travel time spent in this place.
 D = Time resting spent in this place.
 E = Time spent auto-exploring this place.
 F = Levels seen in this place.
 G = Mean time per level.
                   A        B        C        D        E       F      G
               +--------+--------+--------+--------+--------+-----+--------+
         Total |   6734 |   6565 |    169 |   1534 |   3199 |   7 |  962.0 |
       Dungeon |   5681 |   5562 |    119 |   1371 |   2664 |   5 | 1136.2 |
        Temple |     52 |      2 |     50 |      0 |      0 |   1 |   52.0 |
         Sewer |   1000 |   1000 |      0 |    163 |    535 |   1 | 1000.0 |
               +--------+--------+--------+--------+--------+-----+--------+

Top non-repeatable levels by time:
     D:1: 1651 daAuts
     D:2: 1345 daAuts
     D:3: 1229 daAuts
     D:4: 1072 daAuts
   Sewer: 1000 daAuts
     D:5: 381 daAuts
  Temple: 52 daAuts
